 Dungeon Crawl Stone Soup version 0.17-a0-18-gc25b939 (webtiles) character file.

523 JacquesDerrida the Caller (level 7, -3/46 HPs)
             Began as a Merfolk Summoner on Mar 7, 2015.
             Was an Initiate of Ashenzari.
             Killed by divine providence
             ... invoked by an orc priest
              (13 damage)
             ... on level 6 of the Dungeon.
             The game lasted 00:23:57 (2662 turns).

JacquesDerrida the Caller (Merfolk Summoner)        Turns: 2662, Time: 00:23:57

Health: -3/46      AC:  6    Str:  8    XL:     7   Next: 22%
Magic:  10/12      EV: 12    Int: 16    God:    Ashenzari [......]
Gold:   122        SH:  0    Dex: 15    Spells: 3 memorised, 4 levels left

rFire  . . .     SeeInvis +     a - +2 halberd (chop)
rCold  . . .     Clarity  .     e - +0 leather armour
rNeg   . . .     SustAb   .     (no shield)
rPois  .         Gourm    .     l - +0 helmet
rElec  .         Spirit   .     k - +1 cloak (curse)
rCorr  .         Warding  .     (no gloves)
rMut   .         Stasis   .     (no boots)
MR     .....                    (no amulet)
Stlth  ++........               (no ring)
                                j - ring of see invisible (curse)

@: lethally poisoned (-3 -> -8), not resistant to hostile enchantments,
unstealthy
A: change form in water, swift swim
a: Renounce Religion


You were on level 6 of the Dungeon.
You worshipped Ashenzari.
Ashenzari was noncommittal.
You were hungry.

You visited 2 branches of the dungeon, and saw 7 of its levels.

You collected 122 gold pieces.

Inventory:

Hand weapons
 a - a +2 halberd of chopping (weapon)
 g - a +0 vampiric halberd
 h - a +0 dagger
 p - a +0 long sword
Missiles
 q - 27 poisoned needles
 s - 3 tomahawks (quivered)
Armour
 e - a +0 leather armour (worn)
 i - a +2 ring mail of magic resistance
 k - a cursed +1 cloak (worn)
 l - a +0 helmet (worn)
 x - a +0 robe
Jewellery
 j - a cursed ring of see invisible (left hand)
Magical devices
 o - a wand of teleportation (6)
Scrolls
 d - 5 scrolls of identify
 f - a scroll of teleportation
 n - a scroll of curse jewellery
Books
 b - a book of Callings

   Spells                             Type                      Level
   a - Summon Small Mammal            Summoning                    1
   b - Call Imp                       Summoning                    2
   c - Call Canine Familiar           Summoning                    3
   d - Summon Guardian Golem          Hexes/Summoning              4
   e - Summon Lightning Spire         Summoning/Air                4
   f - Summon Ice Beast               Ice/Summoning                4
 m - a book of Air

   Spells                             Type                      Level
   a - Shock                          Conjuration/Air              1
   b - Swiftness                      Charms/Air                   2
   c - Repel Missiles                 Charms/Air                   2
   d - Flight                         Charms/Air                   3
   e - Static Discharge               Conjuration/Air              3
   f - Lightning Bolt                 Conjuration/Air              5
Comestibles
 c - 3 bread rations


   Skills:
 + Level 4.5 Polearms
 - Level 2.6 Dodging
 - Level 2.1 Stealth
 - Level 2.2 Spellcasting
 + Level 7.7 Summonings


You had 4 spell levels left.
You knew the following spells:

 Your Spells              Type           Power        Failure   Level  Hunger
a - Summon Small Mammal   Summ           ####         1%          1    #......
b - Call Imp              Summ           ####....     1%          2    ###....
c - Call Canine Familiar  Summ           ####....     4%          3    ###....


Dungeon Overview and Level Annotations

Branches:
Dungeon (6/15)             Temple (1/1) D:4

Altars:
Ashenzari
Cheibriados
Kikubaaqudgha
Okawaru
Trog
Xom

Annotations:
D:5 hornqvist's ghost, average VSAs


Message History

Gang up on whom?
Press: ? - help, Dir - move target cursor, f/p - orc priest
Aim: an orc priest, wielding a trident of venom and wearing a ring mail (lightly wounded) Attack!
You feel sick.
You hear a shout!
Your hound bites the orc priest but does no damage.
Your crimson imp blinks!
You feel sick.
Your hound barely misses the orc priest. x2
Your hound bites the orc priest.
The orc priest closely misses your crimson imp.
Your crimson imp blinks!
Found a stone staircase leading down.
An orc warrior and an orc wizard come into view.
Evoke which item? (* to show all) (? for menu, Esc to quit)
Okay, then.
You feel sick.
Your hound bites the orc priest.
The orc priest invokes the aid of Beogh against you.
Something smites you!
You die...

##.## #..##
##...# ##....##
#......##
##.......#
##.....oh.#oo
##.........o....
#...@..5..#####
#5.......##
#.......##
#.>....##
#....### #...##
...# ..#


You could see an orc priest, an orc, a friendly hound and 2 friendly crimson
imps.

Vanquished Creatures
  A centaur (D:6)
  A crimson imp (D:5)
  An adder (D:3)
  A gnoll (D:5)
  A giant gecko (D:4)
  2 orcs
  A ball python (D:2)
  A bat (D:4)
  A giant cockroach (D:5)
  A hobgoblin (D:3)
  A jackal (D:6)
  2 kobolds
  A giant gecko skeleton (D:4)
  A rat (D:4)
16 creatures vanquished.

Vanquished Creatures (collateral kills)
  A necrophage (D:6)
  3 ogres
  A scorpion (D:4)
  A gnoll sergeant (D:5)
  A hound (D:4)
  2 worker ants (D:5)
  A jelly (D:5)
  2 giant frog zombies (D:5)
  2 orc wizards (D:3)
  An adder (D:2)
  7 gnolls (D:5)
  A worm (D:2)
  A giant gecko (D:2)
  7 orcs
  4 bats
  2 giant cockroaches (D:2)
  A hobgoblin (D:1)
  3 jackals (D:6)
  3 quokkas
  A giant newt (D:1)
  2 goblins
  3 kobolds
  5 rats
55 creatures vanquished.

Vanquished Creatures (others)
  3 crimson imps
  11 hounds
  2 shadow imps
  2 white imps
  4 bats
  2 quokkas (D:2)
  4 rats (D:2)
28 creatures vanquished.

Grand Total: 99 creatures vanquished

Notes
Turn   | Place    | Note
--------------------------------------------------------------
     0 | D:1      | JacquesDerrida, the Merfolk Summoner, began the quest for the Orb.
     0 | D:1      | Reached XP level 1. HP: 13/13 MP: 3/3
   578 | D:2      | Reached XP level 2. HP: 14/19 MP: 1/4
   586 | D:2      | Learned a level 2 spell: Call Imp
  1040 | D:3      | Reached skill level 5 in Summonings
  1040 | D:3      | Reached XP level 3. HP: 24/24 MP: 3/6
  1096 | D:3      | Learned a level 3 spell: Call Canine Familiar
  1537 | D:4      | Found a bloodstained altar of Trog.
  1552 | D:3      | Reached XP level 4. HP: 18/30 MP: 0/7
  1745 | D:4      | Noticed a scorpion
  1781 | D:4      | Killed a scorpion
  1781 | D:4      | Reached skill level 6 in Summonings
  1783 | D:4      | Noticed an ogre
  1795 | D:4      | Killed an ogre
  1795 | D:4      | Reached XP level 5. HP: 35/35 MP: 0/9
  1823 | D:4      | Found a staircase to the Ecumenical Temple.
  1837 | Temple   | Entered the Ecumenical Temple
  1852 | Temple   | Became a worshipper of Ashenzari the Shackled
  1895 | D:5      | Entered Level 5 of the Dungeon
  2071 | D:5      | Noticed hornqvist's ghost (average VSAs)
  2226 | D:5      | Reached XP level 6. HP: 8/41 MP: 3/10
  2330 | D:5      | Reached skill level 7 in Summonings
  2335 | D:5      | Reached skill level 1 in Polearms
  2376 | D:5      | Found a shattered altar of Ashenzari.
  2376 | D:5      | Noticed an ogre
  2383 | D:5      | Killed an ogre
  2462 | D:5      | Noticed an ogre
  2477 | D:5      | Killed an ogre
  2547 | D:6      | Noticed a centaur
  2558 | D:6      | Killed a centaur
  2558 | D:6      | Reached XP level 7. HP: 12/46 MP: 3/12
  2662 | D:6      | Noticed an orc warrior
  2662 | D:6      | Killed from afar by an orc priest

Action                   |  1- 3 |  4- 6 |  7- 9 || total
-------------------------+-------+-------+-------++-------
Melee: Dagger            |    16 |       |       ||    16
       Long sword        |    16 |    28 |       ||    44
       Halberd           |       |    12 |     4 ||    16
Throw: Tomahawk          |       |     1 |       ||     1
 Cast: Summon Small Mamm |    26 |       |       ||    26
       Call Imp          |    13 |    19 |     2 ||    34
       Call Canine Famil |     3 |    15 |     1 ||    19
  Use: Potion            |     4 |     1 |       ||     5
       Scroll            |     5 |     7 |       ||    12
  Eat: Fruit             |     1 |     2 |       ||     3
       Chunk             |     3 |     5 |       ||     8
       Meat ration       |       |     1 |       ||     1
